 Dungeon Crawl Stone Soup version 0.29-a0-577-gafbf2c5d25 (webtiles) character file.

Game seed: 8094421351077237427

27584 frimble the Summoner (level 13, 0/104 (106) HPs)
             Began as a Gnoll Wanderer on June 14, 2022.
             Was an Elder of Ashenzari.
             Slain by an orc knight
             ... wielding a +0 dire flail
              (23 damage)
             ... on level 2 of the Orcish Mines.
             The game lasted 00:35:34 (17817 turns).

frimble the Summoner (Gnoll Wanderer)              Turns: 17817, Time: 00:35:35

HP:   0/104 (106)   AC: 20    Str: 14    XL:     13   Next: 33%
MP:   25/28         EV: 16    Int: 15    God:    Ashenzari [****..]
Gold: 708           SH:  6    Dex: 16    Spells: 16/35 levels left

rFire   . . .      SeeInvis +   R - +8 autumn katana {vorpal, manifold assault}
rCold   . . .      Faith    .   x - +0 buckler
rNeg    . . .      Spirit   .   r - +1 ring mail of Ashenzari's Jealousy {rC- Str+5 Slay+5, Cun, Elem} (curse)
rPois   .          Reflect  .   S - +2 helmet "Oracular Stickiness" {Bglg, Melee} (curse)
rElec   .          Harm     .   u - +2 cloak "Circumscribed Together" {Self, Cun} (curse)
rCorr   +          Rampage  .   L - +1 pair of gloves of Star-Bound Wisdom {rCorr Slay+2, Evo, Melee} (curse)
Will    .....      Clarity  +   J - +2 pair of boots "Affliction of Ashenzari" {Self, Evo} (curse)
Stlth   ++++......              (no amulet)
HPRegen 0.27/turn               t - ring "Shackled Jealousy" {rC+, Melee, Elem} (curse)
MPRegen 0.21/turn               (no ring)

@: freezing walls, studying Transmutations, lightly drained
A: fangs 1, strong nose, distributed training
a: Renounce Religion, Shatter the Chains


You were on level 2 of the Orcish Mines.
You worshipped Ashenzari.
Ashenzari was greatly pleased with you.
You visited 3 branches of the dungeon, and saw 15 of its levels.
You also visited: Bailey and Gauntlet.

You collected 1944 gold pieces.
You spent 1236 gold pieces at shops.

Inventory:

Hand Weapons
 a - a +0 dagger of protection
 y - a +0 trident of venom
 H - a +2 scimitar of flaming
 M - a +8 trident
 R - the +8 autumn katana (weapon) {vorpal, manifold assault}
   (You bought it in a shop on level 5 of the Dungeon)

   It sometimes launches melee attacks against multiple visible enemies.
Missiles
 b - 17 poisoned darts (quivered)
 o - 4 atropa-tipped darts
 v - 18 boomerangs
 z - 6 curare-tipped darts
 K - 4 throwing nets
 V - 8 silver javelins
Armour
 d - a +0 pair of boots
 m - a +0 helmet
 p - a +2 robe of the Archmagi
 r - the cursed +1 ring mail of Ashenzari's Jealousy (worn) {rC- Str+5 Slay+5, Cun, Elem}
   (You found it on level 5 of the Dungeon)

   Str:       It affects your strength (+5).
   Slay:      It affects your accuracy & damage with ranged weapons and melee
   (+5).
   rC:        It makes you vulnerable to cold.
   It has a curse which improves the following skills: Cunning: Dodging and
   Stealth.
   Elements:  Fire Magic, Ice Magic, Air Magic and Earth Magic.
 u - the cursed +2 cloak "Circumscribed Together" (worn) {Self, Cun}
   (You found it on level 4 of the Dungeon)

   It has a curse which improves the following skills: Introspection: Fighting
   and Spellcasting.
   Cunning:   Dodging and Stealth.
 x - a +0 buckler (worn)
 I - +0 acid dragon scales
 J - the cursed +2 pair of boots "Affliction of Ashenzari" (worn) {Self, Evo}
   (You found it in a Gauntlet)

   It has a curse which improves the following skills: Introspection: Fighting
   and Spellcasting.
   Evocations: Evocations.
 L - the cursed +1 pair of gloves of Star-Bound Wisdom (worn) {rCorr Slay+2, Evo, Melee}
   (You acquired it on level 9 of the Dungeon)

   Slay:      It affects your accuracy & damage with ranged weapons and melee
   (+2).
   rCorr:     It protects you from acid and corrosion.
   It has a curse which improves the following skills: Evocations: Evocations.
   Melee Combat: Short Blades, Long Blades, Axes, Maces & Flails, Polearms,
   Staves and Unarmed Combat.
 P - a +1 troll leather armour {Snorg}
 S - the cursed +2 helmet "Oracular Stickiness" (worn) {Bglg, Melee}
   (You found it in a Gauntlet)

   It has a curse which improves the following skills: Beguiling: Conjurations,
   Hexes and Translocations.
   Melee Combat: Short Blades, Long Blades, Axes, Maces & Flails, Polearms,
   Staves and Unarmed Combat.
Jewellery
 t - the cursed ring "Shackled Jealousy" (left hand) {rC+, Melee, Elem}
   (You found it on level 4 of the Dungeon)

   [ring of protection from cold]

   rC:        It protects you from cold.
   It has a curse which improves the following skills: Melee Combat: Short
   Blades, Long Blades, Axes, Maces & Flails, Polearms, Staves and Unarmed
   Combat.
   Elements:  Fire Magic, Ice Magic, Air Magic and Earth Magic.
 U - a ring of protection from cold
Wands
 q - a wand of flame (11)
 s - a wand of mindburst (1)
 B - a wand of acid (6)
 D - a wand of charming (1)
 N - a wand of iceblast (13)
 W - a wand of polymorph (6)
Scrolls
 e - 6 scrolls of teleportation
 h - a scroll of poison
 i - 3 scrolls of fog
 w - 3 scrolls of blinking
 A - 2 scrolls of torment
 C - 2 scrolls of fear
 E - 3 scrolls of immolation
 F - a scroll of silence
 G - 3 scrolls of amnesia
Potions
 c - a potion of lignification
 f - a potion of might
 g - 5 potions of haste
 j - 6 potions of flight
 k - 2 potions of cancellation
 l - a potion of brilliance
 n - a potion of attraction
 O - a potion of ambrosia
 Q - a potion of invisibility
Miscellaneous
 T - a tin of tremorstones (1/2)


   Skills:
 + Level 8.2(11.2) Fighting
 + Level 8.2(12.1) Short Blades
 + Level 8.2(12.1) Long Blades
 + Level 8.2(12.1) Axes
 + Level 8.2(12.1) Maces & Flails
 + Level 8.2(12.1) Polearms
 + Level 8.2(12.1) Staves
 + Level 8.2 Slings
 + Level 8.2 Bows
 + Level 8.2 Crossbows
 + Level 9.4 Throwing
 + Level 8.2 Armour
 + Level 8.6(11.6) Dodging
 + Level 8.2(11.2) Stealth
 + Level 8.2 Shields
 + Level 8.2(12.1) Unarmed Combat
 + Level 8.7(11.7) Spellcasting
 + Level 6.8(8.8) Conjurations
 + Level 6.8(8.8) Hexes
 + Level 9.9 Summonings
 + Level 6.8 Necromancy
 + Level 6.8(8.8) Translocations
 + Level 6.9 Transmutations
 + Level 6.8(9.8) Fire Magic
 + Level 7.9(10.9) Ice Magic
 + Level 6.8(9.8) Air Magic
 + Level 6.8(9.8) Earth Magic
 + Level 6.8 Poison Magic
 + Level 9.0 Invocations
 + Level 8.2(11.2) Evocations


You had 16 spell levels left.
You knew the following spells:

 Your Spells              Type           Power      Damage    Failure   Level
a - Freeze                Ice            100%       1d11      1%          1
b - Frozen Ramparts       Ice            82%        1d10      1%          3
c - Sticky Flame          Conj/Fire      36%        2d6       4%          4
d - Irradiate             Conj/Tmut      16%        3d18      21%         5
e - Statue Form           Tmut/Erth      22%        N/A       67%         6

Your spell library contained the following spells:

 Spells                   Type           Power      Damage    Failure   Level
 Magic Dart               Conj           100%       1d8       1%          1
 Slow                     Hex            100%       N/A       1%          1
 Summon Small Mammal      Summ           100%       N/A       1%          1
 Call Imp                 Summ           38%        N/A       1%          2
 Poisonous Vapours        Pois/Air       66%        N/A       1%          2
 Static Discharge         Conj/Air       36%        N/A       1%          2
 Sublimation of Blood     Necr           29%        N/A       1%          2
 Gell's Gravitas          Tloc           35%        N/A       1%          3
 Inner Flame              Hex/Fire       36%        N/A       1%          3
 Mephitic Cloud           Conj/Pois/Air  34%        N/A       1%          3
 Teleport Other           Tloc           35%        N/A       1%          3
 Animate Armour           Summ/Erth      76%        N/A       3%          4
 Cause Fear               Hex            17%        N/A       4%          4
 Petrify                  Tmut/Erth      33%        N/A       6%          4
 Corpse Rot               Necr/Pois/Air  32%        N/A       8%          4
 Metabolic Englaciation   Hex/Ice        19%        N/A       9%          5
 Dispel Undead            Necr           29%        3d13      11%         4
 Blade Hands              Tmut           14%        N/A       30%         5
 Dispersal                Tloc           17%        N/A       58%         6
 Dragon Form              Tmut           14%        N/A       100%        7
 Discord                  Hex            17%        N/A       100%        8
 Chain Lightning          Conj/Air       18%        3d24      100%        9


Dungeon Overview and Level Annotations

Branches:
Dungeon (12/15)            Temple (0/1) D:6            Lair (1/6) D:9
    Orc (2/2) D:10            Elf (0/3) Orc:2        Bailey (visited)
Gauntlet (visited)

Altars:
Ashenzari
Gozag
Hepliaklqana
Ru
Sif Muna
Trog
Zin
Beogh

Shops:
D:4 ?   D:5 *   D:6 *=   Orc:2 ?

Portals:
Trove: D:12 (give 8 potions of haste)

Annotations:
D:12 2 transporters, pigah's ghost, journeyman OpAE


Innate Abilities, Weirdness & Mutations

You have very sharp teeth.
Your uncanny sense of smell can sniff out nearby items.
Your experience applies equally to all skills.


Message History

Casting: Frozen Ramparts (safe; 1% risk of failure)
Press: ? - help, Dir - look around, f - activate The walls around you are covered in ice.
The wall freezes the orc knight.
The orc knight hits you with a +0 dire flail.
The wall freezes the orc sorcerer!
The wall freezes the orc warrior!
You hit the orc knight.
The orc knight is moderately wounded.
The wall freezes the orc sorcerer.
The wall freezes the orc knight!
You block the orc knight's attack.
The wall freezes the smoke demon!
The smoke demon gestures at you. Something smites you!
* * * LOW HITPOINT WARNING * * *
Okay, then.
Unknown command.
The tremorstone explodes into fragments!
The burst of rock shards engulfs the orc sorcerer but does no damage.
The burst of rock shards engulfs the smoke demon.
The burst of rock shards engulfs the sun demon.
The burst of rock shards engulfs the orc sorcerer!
The burst of rock shards engulfs the smoke demon!
The burst of rock shards engulfs the sun demon.
The burst of rock shards engulfs the orc sorcerer!
The burst of rock shards engulfs the orc knight.
The burst of rock shards engulfs the smoke demon!
You kill the smoke demon!
The smoke demon disappears in a puff of smoke!
The burst of rock shards engulfs the orc warrior but does no damage.
The burst of rock shards engulfs you but does no damage.
The burst of rock shards engulfs the sun demon but does no damage. x2
The burst of rock shards engulfs the orc warrior but does no damage.
The burst of rock shards engulfs you but does no damage.
The burst of rock shards engulfs the orc knight!
The burst of rock shards engulfs the orc sorcerer!!
You kill the orc sorcerer!
The sun demon disappears in a puff of smoke!
You hear a shout! x6
The wall freezes the orc knight!
The orc knight hits you with a +0 dire flail!!
You die...

..........)∩........,, *
..........).)......., ,,,,
.................... ,
.................... ,, ,
* * ....................,,
,, ,
....................,, ,
..........########### *
**,,, ..........#
######### * , *
..........# ###.@o)#####
,,
..........####..##§.)..#
..........###..##o§.)...#
*
..........###.##...##.#.∩#
..........##..##..##
.#,.#* ..........##.##...
. ..........##.##... ,
.#,, ..........##.##... ,
. * ..........##.#####..,
.#,


You could see an orc knight (strong) and an orc warrior (strong).

Vanquished Creatures
  A minotaur (Gauntlet)
  Snorg (D:10)
  Harold (D:9)
  Erolcha (D:9)
  2 hydras
  3 two-headed ogres
  Erica (D:9)
  A death yak (D:9)
  Sonja (D:11)
  Lodul (D:10)
  An orange crystal statue (Gauntlet)
  2 orc knights
  A deep elf pyromancer (D:12)
  2 orc sorcerers
  A cyclops (D:11)
  A gargoyle (D:12)
  2 kobold demonologists
  3 unseen horrors
  Maggie (D:7)
  A komodo dragon (D:10)
  5 trolls
  3 hornets
  6 slime creatures (D:9)
  Grinder (D:5)
  A shadow (D:9)
  4 yaks (D:9)
  5 wraiths
  6 wyverns
  2 basilisks (D:9)
  4 vampire mosquitoes (D:12)
  3 wargs
  A water moccasin (D:5)
  2 acid dragons
  2 ice beasts
  30 orc warriors
  5 black bears
  12 ogres
  6 centaurs
  2 phantoms (D:5)
  2 kobold brigands (D:9)
  A bullfrog (D:9)
  A necrophage (D:4)
  A gnoll sergeant (D:9)
  A scorpion (D:5)
  3 small abominations (Gauntlet)
  10 wights
  20 killer bees
  3 howler monkeys (D:9)
  2 gnoll shamans
  12 orc priests
  Jessica (D:3)
  2 iguanas
  17 orc wizards
  10 gnolls
  6 adders
  A shadow imp (D:8)
  A white imp (D:6)
  An ufetubus (D:7)
  A worm (D:3)
  2 dart slugs (D:1)
  57 orcs
  7 bats
  5 endoplasms
  3 giant cockroaches
  10 goblins
  6 hobgoblins
  4 jackals (D:3)
  5 quokkas
  8 ball pythons
  A frilled lizard (D:1)
  30 kobolds
  2 rats
364 creatures vanquished.

Vanquished Creatures (others)
  An acid dragon (D:9)
  20 demonic plants (Gauntlet)
  2 plants
23 creatures vanquished.

Grand Total: 387 creatures vanquished

Notes
Turn   | Place    | Note
-------+----------+-------------------------------------------
     0 | D:1      | frimble the Gnoll Wanderer began the quest for the Orb.
     0 | D:1      | frimble set off with the following items: a +0 dagger, 9
                  | poisoned darts, a potion of lignification, a +0 robe; and
                  | the following spells available to memorise: Summon Small
                  | Mammal, Call Imp, Freeze, Frozen Ramparts, Animate Armour
     0 | D:1      | Reached XP level 1. HP: 13/13 MP: 4/4
    25 | D:1      | Learned a level 1 spell: Freeze
   256 | D:1      | Reached XP level 2. HP: 16/19 MP: 3/5
   521 | D:1      | Found a faded altar of an unknown god.
  1047 | D:1      | Reached XP level 3. HP: 21/25 MP: 4/7
  1614 | D:2      | Reached skill level 1 in Invocations
  2435 | D:3      | Reached skill level 1 in Fighting
  2435 | D:3      | Reached skill level 1 in Short Blades
  2435 | D:3      | Reached skill level 1 in Long Blades
  2435 | D:3      | Reached skill level 1 in Axes
  2435 | D:3      | Reached skill level 1 in Maces & Flails
  2435 | D:3      | Reached skill level 1 in Polearms
  2435 | D:3      | Reached skill level 1 in Staves
  2435 | D:3      | Reached skill level 1 in Slings
  2435 | D:3      | Reached skill level 1 in Bows
  2435 | D:3      | Reached skill level 1 in Crossbows
  2435 | D:3      | Reached skill level 1 in Armour
  2435 | D:3      | Reached skill level 1 in Stealth
  2435 | D:3      | Reached skill level 1 in Shields
  2435 | D:3      | Reached skill level 1 in Unarmed Combat
  2435 | D:3      | Reached skill level 1 in Evocations
  2491 | D:3      | Reached XP level 4. HP: 11/32 MP: 2/8
  2587 | D:3      | Noticed Jessica
  2604 | D:3      | Killed Jessica
  2651 | D:4      | Learned a level 3 spell: Frozen Ramparts
  2871 | D:4      | You fall into a shaft and drop 2 floors!
  2884 | D:5      | Entered Level 5 of the Dungeon
  2885 | D:5      | Noticed a centaur
  2917 | D:6      | Found Mamm's Jewellery Shoppe.
  3074 | D:6      | Found Mihaerr's Mayhem Merchandise.
  3116 | D:6      | Noticed a black bear
  3123 | D:6      | Killed a black bear
  3124 | D:6      | Reached skill level 1 in Conjurations
  3124 | D:6      | Reached skill level 1 in Hexes
  3124 | D:6      | Reached skill level 1 in Necromancy
  3124 | D:6      | Reached skill level 1 in Translocations
  3124 | D:6      | Reached skill level 1 in Transmutations
  3124 | D:6      | Reached skill level 1 in Fire Magic
  3124 | D:6      | Reached skill level 1 in Air Magic
  3124 | D:6      | Reached skill level 1 in Earth Magic
  3124 | D:6      | Reached skill level 1 in Poison Magic
  3124 | D:6      | Reached XP level 5. HP: 37/37 MP: 3/9
  3197 | D:6      | Found a hazy altar of Hepliaklqana.
  3198 | D:6      | Found a shimmering blue altar of Sif Muna.
  3238 | D:6      | Noticed an ice beast
  3280 | D:5      | Killed a centaur
  3281 | D:5      | Reached XP level 6. HP: 6/44 MP: 2/11
  3587 | D:5      | Found Laol Anko's Assorted Antiques.
  3594 | D:5      | Bought a scroll labelled JYMUPS DIZYF YSS for 24 gold
                  | pieces
  3614 | D:5      | Reached skill level 5 in Throwing
  3706 | D:5      | Identified the +1 ring mail of the Sea {rC- Str+5 Slay+5}
  3724 | D:5      | Got Cot Okor's Papyrus of Ensnaring Conjuration
  3886 | D:5      | Noticed a water moccasin
  3894 | D:5      | Killed a water moccasin
  3895 | D:5      | Reached XP level 7. HP: 45/51 MP: 5/12
  3970 | D:5      | Found a glowing silver altar of Zin.
  3970 | D:5      | Found a broken altar of Ashenzari.
  4146 | D:5      | Became a worshipper of Ashenzari the Shackled
  4309 | D:4      | Found Eczum's Magic Scroll Shoppe.
  5029 | D:5      | Noticed Grinder
  5034 | D:5      | Killed Grinder
  5035 | D:5      | Reached XP level 8. HP: 57/57 MP: 12/14
  5460 | D:5      | Noticed a wraith
  5465 | D:5      | Killed a wraith
  5719 | D:6      | Found a staircase to the Ecumenical Temple.
  6384 | D:7      | Reached skill level 5 in Ice Magic
  6384 | D:7      | Reached XP level 9. HP: 65/65 MP: 16/16
  6700 | D:7      | Reached skill level 5 in Spellcasting
  6828 | D:7      | Noticed Maggie
  6836 | D:7      | Killed Maggie
  6837 | D:7      | Reached skill level 5 in Dodging
  7178 | D:8      | Noticed a five-headed hydra
  7194 | D:8      | Killed a five-headed hydra
  7195 | D:8      | Reached skill level 5 in Invocations
  7212 | D:8      | Found a flagged portal.
  7226 | Bailey   | Entered a bailey
  7237 | Bailey   | Reached * piety under Ashenzari
  7275 | Bailey   | Noticed an orc knight
  7359 | Bailey   | Reached XP level 10. HP: 36/76 MP: 15/19
  7494 | Bailey   | Killed an orc knight
  7495 | Bailey   | Reached skill level 5 in Fighting
  7495 | Bailey   | Reached skill level 5 in Short Blades
  7495 | Bailey   | Reached skill level 5 in Long Blades
  7495 | Bailey   | Reached skill level 5 in Axes
  7495 | Bailey   | Reached skill level 5 in Maces & Flails
  7495 | Bailey   | Reached skill level 5 in Polearms
  7495 | Bailey   | Reached skill level 5 in Staves
  7495 | Bailey   | Reached skill level 5 in Slings
  7495 | Bailey   | Reached skill level 5 in Bows
  7495 | Bailey   | Reached skill level 5 in Crossbows
  7495 | Bailey   | Reached skill level 5 in Armour
  7495 | Bailey   | Reached skill level 5 in Stealth
  7495 | Bailey   | Reached skill level 5 in Shields
  7495 | Bailey   | Reached skill level 5 in Unarmed Combat
  7495 | Bailey   | Reached skill level 5 in Evocations
  7538 | Bailey   | Identified the +1 lajatang "Impbane" {freeze, Str+10}
  8162 | D:8      | Noticed a two-headed ogre
  8172 | D:8      | Killed a two-headed ogre
  8773 | D:9      | Noticed Harold
  9109 | D:9      | Found an opulent altar of Gozag.
  9650 | D:9      | Reached XP level 11. HP: 81/83 MP: 22/22
  9734 | D:9      | Noticed a two-headed ogre
  9983 | D:9      | Reached skill level 5 in Conjurations
  9983 | D:9      | Reached skill level 5 in Hexes
  9983 | D:9      | Reached skill level 5 in Necromancy
  9983 | D:9      | Reached skill level 5 in Translocations
  9983 | D:9      | Reached skill level 5 in Transmutations
  9983 | D:9      | Reached skill level 5 in Fire Magic
  9983 | D:9      | Reached skill level 5 in Air Magic
  9983 | D:9      | Reached skill level 5 in Earth Magic
  9983 | D:9      | Reached skill level 5 in Poison Magic
 10098 | D:9      | Killed a two-headed ogre
 10158 | D:9      | Noticed Erica
 10170 | D:9      | Killed Erica
 10202 | D:9      | Noticed a death yak
 10402 | D:9      | Killed Harold
 10402 | D:9      | Identified a scroll of acquirement
 10409 | D:9      | Acquired the +1 pair of gloves of the Endless Expanse
                  | {rCorr Slay+2}
 10925 | D:9      | Noticed Erolcha
 10940 | D:10     | Entered Level 10 of the Dungeon
 10967 | D:10     | Noticed Lodul
 11220 | D:10     | Learned a level 4 spell: Sticky Flame
 11226 | D:10     | Learned a level 5 spell: Irradiate
 11233 | D:10     | Learned a level 6 spell: Statue Form
 11235 | D:10     | Found a staircase to the Orcish Mines.
 11486 | D:10     | Killed Lodul
 11487 | D:10     | Reached XP level 12. HP: 92/92 MP: 24/24
 12080 | D:11     | Noticed an eight-headed hydra
 12082 | D:11     | Reached ** piety under Ashenzari
 12090 | D:11     | Killed an eight-headed hydra
 12336 | D:11     | Noticed a two-headed ogre
 12347 | D:11     | Killed a two-headed ogre
 13085 | D:10     | Noticed Snorg
 13098 | D:10     | Killed Snorg
 13358 | D:9      | Killed Erolcha
 13597 | D:9      | Found a staircase to the Lair.
 13620 | D:9      | Killed a death yak
 14074 | Lair:1   | Entered Level 1 of the Lair of Beasts
 14213 | D:11     | Noticed Sonja
 14215 | D:11     | Killed Sonja
 14634 | D:11     | Found a sacrificial altar of Ru.
 14759 | D:12     | Noticed a soul eater
 14761 | D:12     | Found a portal to a secret trove of treasure.
 15291 | D:12     | Reached XP level 13. HP: 100/101 MP: 26/26
 15326 | D:12     | Found a transporter.
 15328 | D:12     | Identified the +7 spear of Responsibility {drain, rF+}
 15329 | D:12     | Noticed pigah's ghost (journeyman OpAE)
 15332 | D:12     | Found a transporter.
 15332 | D:12     | Identified the +11 dire flail of Mixeibbu {drain, rF+ Int+3
                  | Dex+2}
 15678 | Orc:1    | Entered Level 1 of the Orcish Mines
 15835 | D:5      | Bought the +8 autumn katana {vorpal, manifold assault} for
                  | 1212 gold pieces
 15835 | D:5      | Found the +8 autumn katana {vorpal, manifold assault}
 16441 | Orc:2    | Entered Level 2 of the Orcish Mines
 16566 | Orc:2    | Found a gate leading to a gauntlet.
 16584 | Gauntlet | Entered a Gauntlet
 16584 | Gauntlet | Found a transporter.
 16584 | Gauntlet | Found a transporter.
 16585 | Gauntlet | Found a transporter.
 16601 | Gauntlet | Found a transporter.
 16608 | Gauntlet | Found a transporter.
 16613 | Gauntlet | Found a transporter.
 16614 | Gauntlet | Found a transporter.
 16621 | Gauntlet | Found a transporter.
 16646 | Gauntlet | Found a transporter.
 16647 | Gauntlet | Found a transporter.
 16670 | Gauntlet | Found a transporter.
 16674 | Gauntlet | Found a transporter.
 17247 | Gauntlet | Identified the +1 glaive of Otiarozi {flame, rElec rCorr
                  | Dex+3 Stlth+}
 17247 | Gauntlet | Noticed a minotaur
 17252 | Gauntlet | Killed a minotaur
 17596 | Orc:2    | Found a staircase to the Elven Halls.
 17618 | Orc:2    | Reached *** piety under Ashenzari
 17631 | Orc:2    | Found a bloodstained altar of Trog.
 17638 | Orc:2    | Reached **** piety under Ashenzari
 17793 | Orc:2    | Found Sinumoxt's Magic Scroll Boutique.
 17817 | Orc:2    | Slain by an orc knight

Illustrated notes

Levels and vault maps discovered:
D:1:      matt_arrival_debris, layout_basic, dreamdust_ecumenical_altar_grove,
          nicolae_figureground_pulse
D:2:      layout_basic, chequers_serial_rivers_room_a, kennysheep_generic_room_4
D:3:      layout_rooms, uniq_jessica
D:4:      layout_loops_ring, serial_shops, shop, cheibrodos_sewer_entry_sluice
D:5:      layout_basic, gammafunk_temple_overflow_pools, serial_shops,
          nicolae_shop_waterfront, uniq_grinder
D:6:      layout_rooms, mainiacjoe_overflow_divided_tiny,
          minmay_temple_entry_glass, nicolae_take_the_stairs,
          minmay_shop_mayhem, glass_columns_a
D:7:      nicolae_cairo_tiling, layout_cave_pools, nicolae_underground_beach,
          uniq_maggie
D:8:      layout_basic, enter_bailey_3, nicolae_figureground_sparkle
D:9:      minmay_thinvault, layout_loops_ring,
          nicolae_gozag_cash_rules_everything_around_me, david_lair_generic,
          uniq_erica, uniq_erolcha, uniq_harold
D:10:     layout_loops_ring, david_orc_5, grunt_ministairs_1,
          grunt_decor_arrowhead, uniq_lodul, uniq_snorg
D:11:     layout_loops_ring, nicolae_ru_the_path_less_chosen, uniq_sonja
D:12:     layout_gridville, nicolae_trove_entry_crystal, gammafunk_ghost_smash
Lair:1:   layout_gridlike, grunt_megastairs_5, lemuel_fruit_fields
Orc:1:    layout_diamond_mine, basic_altar
Orc:2:    st_orc_elflike, layout_diamond_mine, basic_altar,
          gauntlet_entry_generic

Skill      XL: |  1  2  3  4  5  6  7  8  9 10 11 12 13 |
---------------+----------------------------------------+-----
Invocations    | 1 2 3 4 5 6 7 8 9 |  9.0
Fighting       | 1 2 3 4 5 6 7 8 |  8.2
Short Blades   | 1 2 3 4 5 6 7 8 |  8.2
Long Blades    | 1 2 3 4 5 6 7 8 |  8.2
Axes           | 1 2 3 4 5 6 7 8 |  8.2
Maces & Flails | 1 2 3 4 5 6 7 8 |  8.2
Polearms       | 1 2 3 4 5 6 7 8 |  8.2
Staves         | 1 2 3 4 5 6 7 8 |  8.2
Slings         | 1 2 3 4 5 6 7 8 |  8.2
Bows           | 1 2 3 4 5 6 7 8 |  8.2
Crossbows      | 1 2 3 4 5 6 7 8 |  8.2
Armour         | 1 2 3 4 5 6 7 8 |  8.2
Stealth        | 1 2 3 4 5 6 7 8 |  8.2
Shields        | 1 2 3 4 5 6 7 8 |  8.2
Unarmed Combat | 1 2 3 4 5 6 7 8 |  8.2
Evocations     | 1 2 3 4 5 6 7 8 |  8.2
Spellcasting   | 3 4 5 6 7 8 |  8.7
Dodging        | 3 4 5 6 7 8 |  8.6
Conjurations   | 1 2 3 4 5 6 |  6.8
Hexes          | 1 2 3 4 5 6 |  6.8
Necromancy     | 1 2 3 4 5 6 |  6.8
Translocations | 1 2 3 4 5 6 |  6.8
Transmutations | 1 2 3 4 5 6 |  6.9
Fire Magic     | 1 2 3 4 5 6 |  6.8
Ice Magic      | 4 5 6 7 |  7.9
Air Magic      | 1 2 3 4 5 6 |  6.8
Earth Magic    | 1 2 3 4 5 6 |  6.8
Poison Magic   | 1 2 3 4 5 6 |  6.8
Throwing       | 5 6 7 8 9 |  9.4
Summonings     | 8 9 |  9.9

Action                   |  1- 3 |  4- 6 |  7- 9 | 10-12 | 13-15 || total
-------------------------+-------+-------+-------+-------+-------++-------
Melee: Dagger            |    40 |    12 |    56 |    26 |       ||   134
       Bite              |     2 |     1 |    27 |    41 |    15 ||    86
       Punch             |     1 |     1 |     3 |       |       ||     5
       Trident           |       |       |   142 |   293 |    11 ||   446
       Scimitar          |       |       |       |   128 |       ||   128
       Katana            |       |       |       |       |   146 ||   146
Throw: Boomerang         |       |       |    13 |     5 |       ||    18
       Dart              |       |       |       |    48 |       ||    48
 Cast: Freeze            |    57 |    28 |     5 |     6 |       ||    96
       Frozen Ramparts   |       |     4 |    11 |    51 |     1 ||    67
       Irradiate         |       |       |       |       |     1 ||     1
Invok: Curse Item        |       |       |     2 |     2 |     2 ||     6
Evoke: Wand              |       |     1 |    19 |    32 |     1 ||    53
       Tin of tremorston |       |       |       |       |     1 ||     1
  Use: Scroll            |    10 |     4 |     1 |     4 |     1 ||    20
       Potion            |       |     2 |       |     1 |     3 ||     6
 Stab: Sleeping          |     2 |     1 |       |     6 |     3 ||    12
       Distracted        |       |       |       |     1 |       ||     1
Armor: Robe              |    17 |    11 |     2 |       |       ||    30
       Skin              |       |    15 |       |       |       ||    15
       Ring mail         |       |       |    91 |   137 |    25 ||   253
Dodge: Dodged            |    57 |    22 |   101 |   221 |    54 ||   455
Block: Buckler           |       |       |    30 |    77 |    26 ||   133

Table legend: (Time is in decaauts)
 A = Elapsed time spent in this place.
 B = Non-inter-level travel time spent in this place.
 C = Inter-level travel time spent in this place.
 D = Time resting spent in this place.
 E = Time spent auto-exploring this place.
 F = Levels seen in this place.
 G = Mean time per level.
                   A        B        C        D        E       F      G
               +--------+--------+--------+--------+--------+-----+--------+
         Total |  17861 |  16806 |   1055 |   1285 |  12281 |  17 | 1050.6 |
       Dungeon |  15325 |  14354 |    971 |    727 |  11241 |  12 | 1277.1 |
          Lair |     16 |      9 |      7 |      0 |      0 |   1 |   16.0 |
  Orcish Mines |   1206 |   1130 |     76 |      0 |    843 |   2 |  603.0 |
        Bailey |    611 |    611 |      0 |    103 |    197 |   1 |  611.0 |
      Gauntlet |    702 |    702 |      0 |    455 |      0 |   1 |  702.0 |
               +--------+--------+--------+--------+--------+-----+--------+

Top non-repeatable levels by time:
     D:9: 2964 daAuts
     D:5: 1585 daAuts
    D:10: 1534 daAuts
    D:11: 1511 daAuts
     D:1: 1263 daAuts
     D:8: 1177 daAuts
     D:2: 1153 daAuts
     D:7: 1093 daAuts
     D:6: 886 daAuts
     D:4: 871 daAuts
    D:12: 865 daAuts
Gauntlet: 702 daAuts
   Orc:2: 625 daAuts
  Bailey: 611 daAuts
   Orc:1: 580 daAuts
